 Dungeon Crawl Stone Soup version 0.30.1-4-g462c640d31 (webtiles) character file.

Game seed: 3817080338703838095

59 Babbit the Caller (level 4, 0/30 HPs)
             Began as a Merfolk Summoner on Aug 13, 2023.
             Hit by a stone thrown by a hobgoblin (2 damage)
             ... on level 2 of the Dungeon.
             The game lasted 00:17:17 (1893 turns).

Babbit the Caller (Merfolk Summoner)                Turns: 1893, Time: 00:17:18

Health: 0/30       AC:  3    Str:  8    XL:     4   Next: 3%
Magic:  0/7        EV: 13    Int: 22    God:
Gold:   67         SH:  0    Dex: 14    Spells: 2/8 levels left

rFire   . . .        (no weapon)
rCold   . . .        (no shield)
rNeg    . . .        a - +0 robe
rPois   .            (no helmet)
rElec   .            g - +0 cloak
rCorr   .            (no gloves)
SInv    .            (no boots)
Will    .....        (no amulet)
Stlth   ++           l - +6 ring of intelligence
HPRegen 0.25/turn    (no ring)
MPRegen 0.10/turn

%: no passive effects
@: no status effects
A: (nimble swimmer 2), mertail
a: no special abilities


You were on level 2 of the Dungeon.
You visited 1 branch of the dungeon, and saw 2 of its levels.

You collected 67 gold pieces.

Inventory:

Armour
 a - a +0 robe (worn)
 g - a +0 cloak (worn)
Jewellery
 l - a +6 ring of intelligence (left hand)
Scrolls
 d - 2 scrolls of identify
 e - a scroll of immolation {unknown}
 f - 2 scrolls of enchant armour {unknown}
 h - a scroll of butterflies {unknown}
 i - a scroll of vulnerability {unknown}
 j - a scroll of brand weapon {unknown}
 k - a scroll of enchant weapon {unknown}
 m - a scroll of amnesia {unknown}
Potions
 b - a potion of magic
 c - a potion of cancellation


   Skills:
 + Level 0.2 Fighting
 + Level 3.1 Dodging
 + Level 2.4 Stealth
 + Level 0.7 Unarmed Combat
 + Level 2.6 Spellcasting
 + Level 4.7 Summonings


You had 2 spell levels left.
You knew the following spells:

 Your Spells              Type           Power      Damage    Failure   Level
a - Summon Small Mammal   Summ           92%        N/A       1%          1
b - Call Imp              Summ           46%        N/A       2%          2
c - Summon Guardian Gole  Hex/Summ       13%        N/A       14%         3

Your spell library contained the following spells:

 Spells                   Type           Power      Damage    Failure   Level
 Call Canine Familiar     Summ           23%        N/A       5%          3
 Summon Lightning Spire   Summ/Air       13%        N/A       43%         4
 Chain Lightning          Conj/Air       1%         3d1       100%        9
 Fire Storm               Conj/Fire      1%         7d1       100%        9
 Shatter                  Erth           1%         3d5*      100%        9


Dungeon Overview and Level Annotations

Branches:
Dungeon (2/15)

Altars:

Annotations:
D:2 Robin


Innate Abilities, Weirdness & Mutations

((You are very nimble when in or above water. (Stealth+, EV+, Speed+++)))
Your lower body shifts to a powerful aquatic tail in water.


Message History

A tiny devil pulls itself out of the air.
You swap places.
Your cerulean imp hits the worm with a -2 spear.
Your cerulean imp hits the worm with a -2 spear.
The worm bites your cerulean imp!
Your cerulean imp barely misses the worm.
Your cerulean imp barely misses the worm.
The worm closely misses your cerulean imp.
Your cerulean imp hits the worm but does no damage.
Your magical contamination has completely faded away.
You swap places.
The worm bites you but does no damage.
Your cerulean imp hits the worm from afar with a -2 spear.
Your cerulean imp barely misses the worm.
A rat comes into view.
The worm bites you.
Your cerulean imp hits the worm but does no damage.
You completely miss the worm.
The worm is moderately wounded.
Your cerulean imp hits the worm from afar with a -2 spear.
The hobgoblin shouts!
You hit the worm.
The worm is severely wounded.
The worm bites you!
The hobgoblin throws a stone.
The stone barely misses you.
Your cerulean imp hits the worm from afar with a -2 spear.
You hit the worm.
The worm is severely wounded.
The worm bites you.
* * * LOW HITPOINT WARNING * * *
Your cerulean imp hits the worm from afar with a -2 spear.
The worm dies!
You have reached level 4!
Casting: Call Imp (safe; 2% risk of failure)
Confirm with . or Enter, or press ? or * to list all spells.
A tiny devil pulls itself out of the air.
Your cerulean imp disappears in a puff of smoke!
The hobgoblin throws a stone.
The stone hits you.
* * * LOW HITPOINT WARNING * * *
You swap places.
The hobgoblin throws a stone.
The stone misses your cerulean imp. The stone hits you.
You die...

..# ....# #.#
..... #r#......
#g#...... #.# #
#........ ...
#..#.##.# #.#
......†.# #.#
#.#####5# #.# #
#.#####@### #.# #
#........<### #.#
# #######.....#
#.#### ##########
###.#.#######.....
.........#
#...........####
#.#.####.#
###.#######.####
#.#.####.# #.#
#.#...
#......#.### #.#
#.#.##
###.##...>.####
##.## #.....


You could see a hobgoblin (ally target), a rat and a friendly cerulean imp
(summoned).

Vanquished Creatures
  A giant cockroach (D:1)
  A bat (D:1)
  A frilled lizard (D:1)
  A kobold (D:1)
4 creatures vanquished.

Vanquished Creatures (collateral kills)
  3 worms (D:2)
  A dart slug (D:2)
  2 bats
  5 endoplasms
  2 giant cockroaches (D:1)
  A hobgoblin (D:1)
  3 jackals (D:1)
  3 kobolds (D:1)
  4 quokkas
  5 ball pythons
  A frilled lizard (D:1)
  7 goblins
  3 rats (D:1)
40 creatures vanquished.

Grand Total: 44 creatures vanquished

Notes
Turn   | Place    | Note
-------+----------+-------------------------------------------
     0 | D:1      | Babbit the Merfolk Summoner began the quest for the Orb.
     0 | D:1      | Reached XP level 1. HP: 13/13 MP: 3/3
   136 | D:1      | Reached XP level 2. HP: 18/19 MP: 3/5
   682 | D:1      | Reached XP level 3. HP: 24/24 MP: 4/6
   685 | D:1      | Learned a level 2 spell: Call Imp
  1495 | D:2      | Noticed Robin
  1509 | D:2      | HP: 1/24 [goblin/+0 club[Robin] (4)]
  1766 | D:2      | Learned a level 3 spell: Summon Guardian Golem
  1890 | D:2      | Reached XP level 4. HP: 5/30 MP: 2/7
  1891 | D:2      | HP: 1/30 [hobgoblin/stone (4)]
  1893 | D:2      | Hit by a stone thrown by a hobgoblin

Illustrated notes

Levels and vault maps discovered:
D:1:      dpeg_arrival_solitude, layout_basic, minmay_small_reverse_x
D:2:      layout_loops_cross, uniq_jessica, uniq_robin

Skill      XL: |  1  2 |
---------------+-------+-----
Dodging        | 3 |  3.1
Fighting       | |  0.2
Stealth        | |  2.4
Unarmed Combat | |  0.7
Spellcasting   | |  2.6
Summonings     | |  4.7

Action                     |  1- 3 |  4- 6 || total
---------------------------+-------+-------++-------
  Melee: Unarmed           |    90 |       ||    90
   Cast: Summon Small Mamm |    46 |       ||    46
         Call Imp          |    16 |     1 ||    17
         Summon Guardian G |     1 |       ||     1
    Use: Scroll            |     3 |       ||     3
   Stab: Distracted        |     1 |       ||     1
 Armour: Robe              |    35 |       ||    35
  Dodge: Dodged            |   127 |       ||   127
